Map: Jagannatha LE

Players

SortOf

  • Race: Zerg Zerg
  • League: Master

HellraiseR - Winner!

  • Race: Protoss Protoss
  • League: Grandmaster

Event: DreamHack SC2 Masters 2021 Summer

VOD

Have the link to the VOD?

Description

Time

  • Played on: May 28, 2021, 10:57 a.m.
  • Length: 32:50

All games in this series

Show
View Real Time Build Order
Export as new Build Order

SortOf Zerg 

Build Orders: Pool First 

Get SALT Encoding   

  12  0:17  Spawning Pool  
  11  0:21  Drone  
  11  0:27  Drone  
  13  0:31  Drone  
  14  0:40  Overlord  
  14  1:05  Zergling x6  
  17  1:13  Queen  
  17  1:16  Zergling x2  
  20  1:30  Zergling x2  
  21  1:36  Hatchery  
  20  1:40  Drone  
  21  1:49  Overlord  
  21  2:05  Drone  
  21  2:07  Queen  
  24  2:09  Drone  
  25  2:23  Drone x2  
  25  2:28  Drone  
  28  2:39  Extractor, Drone  
  28  2:47  Queen  
  28  2:49  Drone x2  
  32  2:57  Overlord  
  32  2:58  Drone x2  
  34  3:00  Drone  
  35  3:07  Drone  
  35  3:12  Overlord  
  36  3:16  Drone  
  37  3:22  Drone x4  
  41  3:31  Drone  
  41  3:32  Drone  
  43  3:43  Drone x2  
  43  3:44  Hatchery  
  43  3:46  Metabolic Boost  
  44  3:51  Drone  
  44  3:52  Drone  
  46  3:57  Spore Crawler  
  46  3:58  Queen  
  46  4:02  Drone  
  48  4:06  Drone x3  
  51  4:12  Overlord  
  51  4:13  Overlord  
  51  4:16  Drone  
  52  4:27  Roach Warren  
  52  4:29  Queen, Overlord  
  53  4:33  Drone x2  
  53  4:36  Drone x2  
  57  4:42  Drone x3  
  60  4:46  Queen  
  60  4:48  Overlord  
  60  4:50  Drone  
  62  4:55  Drone x3  
  62  4:57  Drone  
  66  5:03  Queen  
  66  5:05  Lair  
  68  5:09  Drone x2  
  70  5:14  Overlord  
  70  5:16  Drone x5  
  70  5:19  Drone  
  76  5:22  Queen  
  76  5:23  Drone  
  76  5:26  Zergling x4  
  81  5:30  Extractor  
  81  5:31  Overlord, Drone x2  
  81  5:32  Extractor x2  
  81  5:33  Overlord  
  80  5:38  Queen  
  80  5:42  Extractor  
  81  5:44  Overlord x2  
  81  5:48  Overlord  
  80  5:53  Roach x3  
  80  5:54  Roach x3  
  92  5:57  Overlord  
  92  6:00  Drone x3  
  92  6:03  Extractor, Glial Reconstitution  
  94  6:08  Queen  
  95  6:18  Roach x2  
  95  6:19  Overlord, Roach x2  
  95  6:22  Zergling x8  
  107  6:29  Queen x2  
  109  6:34  Zergling x8  
  112  6:41  Zergling x8  
  112  6:45  Spore Crawler  
  111  6:47  Infestation Pit  
  111  6:50  Drone  
  111  6:51  Drone x2  
  119  6:54  Ravager x6  
  119  6:55  Ravager  
  119  6:57  Drone x2  
  121  7:02  Drone  
  121  7:04  Drone  
  123  7:12  Zergling x14  
  126  7:17  Zergling x6  
  126  7:19  Drone x3  
  130  7:25  Drone x2  
  130  7:26  Spire  
  127  7:37  Drone x4  
  127  7:38  Queen x2  
  130  7:46  Drone x2  
  124  7:52  Queen  
  124  7:55  Drone x2  
  120  8:00  Drone x3  
  120  8:01  Infestor, Overlord  
  120  8:02  Infestor  
  121  8:10  Hatchery  
  120  8:14  Queen  
  120  8:16  Hive  
  120  8:19  Spore Crawler  
  121  8:28  Pneumatized Carapace  
  121  8:29  Infestor  
  123  8:41  Corruptor x4  
  118  8:45  Hatchery  
  117  8:50  Queen, Corruptor  
  114  9:02  Corruptor x2  
  115  9:06  Corruptor  
  113  9:10  Queen  
  113  9:15  Corruptor  
  112  9:22  Drone x8  
  112  9:23  Drone x4  
  123  9:25  Queen  
  123  9:28  Viper  
  128  9:35  Drone x7  
  135  9:40  Zerg Flyer Armor Level 1  
  135  9:46  Zergling x8, Queen  
  135  9:47  Extractor  
  135  9:51  Evolution Chamber  
  139  9:58  Viper  
  139  9:59  Overlord  
  140  10:00  Queen x2  
  140  10:01  Queen  
  144  10:07  Adrenal Glands  
  144  10:08  Drone x8  
  144  10:09  Evolution Chamber  
  144  10:11  Extractor x2  
  149  10:14  Extractor  
  149  10:15  Extractor  
  149  10:19  Overseer  
  147  10:26  Viper  
  147  10:28  Zergling x2, Overlord  
  152  10:33  Overlord  
  152  10:35  Zergling x22  
  160  10:42  Hatchery  
  153  10:44  Viper  
  156  10:50  Queen  
  156  10:51  Queen x2  
  156  10:52  Ultralisk Cavern  
  161  11:02  Zerg Ground Armor Level 1  
  161  11:03  Zerg Melee Weapons Level 1  
  161  11:04  Zergling x22  
  169  11:18  Corruptor x3  
  162  11:20  Overlord  
  162  11:21  Overlord x5  
  168  11:27  Drone x2  
  168  11:28  Drone x4  
  174  11:35  Overlord x3  
  174  11:38  Corruptor  
  176  11:40  Chitinous Plating  
  176  11:50  Zerg Flyer Armor Level 2  
  176  11:56  Corruptor x3  
  182  12:05  Viper  
  182  12:08  Zergling x18  
  185  12:10  Viper  
  187  12:16  Corruptor x2  
  188  12:24  Zergling x18  
  188  12:29  Viper  
  191  12:31  Ultralisk  
  191  12:40  Spore Crawler x2  
  191  12:43  Spore Crawler  
  188  12:47  Spore Crawler x2  
  188  12:48  Ultralisk  
  188  12:51  Hatchery  
  191  12:54  Spore Crawler  
  191  12:56  Zerg Ground Armor Level 2  
  190  13:00  Corruptor x2  
  194  13:07  Corruptor x2  
  192  13:26  Ultralisk  
  198  13:29  Zerg Melee Weapons Level 2  
  198  13:30  Baneling Nest  
  198  13:31  Spire  
  195  13:34  Spore Crawler  
  195  13:37  Corruptor x3  
  200  13:42  Spore Crawler  
  200  13:43  Spore Crawler  
  200  13:44  Spore Crawler  
  200  13:45  Drone x3  
  200  13:54  Anabolic Synthesis  
  180  14:11  Zergling x24  
  180  14:12  Ultralisk, Zergling x12  
  192  14:19  Infestor, Viper x2  
  200  14:24  Centrifical Hooks  
  200  14:25  Zerg Flyer Armor Level 3  
  198  14:53  Hatchery  
  198  14:56  Zergling x10  
  199  15:02  Greater Spire  
  196  15:14  Spore Crawler  
  196  15:15  Spore Crawler  
  196  15:16  Spore Crawler  
  196  15:17  Drone x2  
  196  15:18  Drone  
  185  15:37  Drone x3  
  186  15:50  Corruptor x3  
  191  16:01  Drone x3  
  193  16:22  Brood Lord x2  
  193  16:23  Brood Lord x2  
  199  16:27  Zerg Melee Weapons Level 3, Zerg Ground Armor Level 3  
  197  16:49  Zergling x10  
  199  17:02  Spore Crawler  
  199  17:03  Overseer x4  
  198  17:11  Baneling x7  
  198  17:27  Viper  
  198  17:28  Viper  
  195  17:32  Viper  
  195  17:33  Corruptor x2  
  195  17:51  Zergling x14  
  199  18:10  Overseer x4  
  199  18:13  Zerg Flyer Weapons Level 1  
  199  18:17  Spore Crawler x2  
  199  18:19  Spore Crawler  
  196  18:20  Baneling x9  
  196  18:21  Zergling x8, Spore Crawler  
  196  18:26  Spore Crawler  
  198  18:48  Zergling x2  
  199  18:49  Hatchery  
  192  19:03  Zergling x14  
  179  19:19  Viper x2  
  179  19:20  Corruptor x11  
  185  19:33  Corruptor x2  
  185  19:35  Zergling x4  
  184  19:39  Corruptor x3  
  176  19:46  Corruptor x12  
  188  19:55  Viper x2  
  188  19:58  Corruptor  
  188  19:59  Corruptor  
  185  20:04  Hatchery  
  184  20:10  Brood Lord x5  
  194  20:20  Extractor, Drone x7  
  194  20:21  Extractor  
  199  20:25  Spore Crawler  
  199  20:26  Spore Crawler x2  
  196  20:32  Zerg Flyer Weapons Level 2  
  196  20:34  Zerg Missile Weapons Level 1  
  196  20:37  Zergling x12  
  196  20:41  Baneling x3  
  196  20:42  Baneling  
  199  20:47  Baneling x6  
  199  20:51  Spore Crawler  
  199  20:55  Spore Crawler  
  197  21:07  Zergling x6  
  199  21:17  Spore Crawler  
  199  21:18  Spore Crawler  
  195  21:19  Spore Crawler  
  195  21:23  Infestor x5  
  195  21:36  Corruptor x5  
  197  22:00  Spore Crawler  
  196  22:01  Spore Crawler  
  196  22:02  Queen x2  
  196  22:08  Spore Crawler x3  
  197  22:09  Spore Crawler  
  197  22:11  Spore Crawler x2  
  197  22:13  Pathogen Glands  
  193  22:16  Corruptor x3  
  193  22:18  Baneling x3  
  199  22:36  Spore Crawler  
  198  22:43  Spore Crawler  
  197  22:44  Spore Crawler  
  197  22:46  Queen, Spore Crawler x2  
  197  22:47  Spore Crawler  
  197  22:48  Zergling x10  
  199  22:55  Hatchery  
  194  22:59  Zergling x12  
  194  23:05  Zerg Flyer Weapons Level 3  
  199  23:08  Spore Crawler  
  199  23:09  Neural Parasite  
  199  23:10  Overseer, Zergling x4  
  199  23:11  Overseer  
  199  23:25  Baneling  
  199  23:26  Baneling x4  
  195  23:43  Brood Lord x2  
  197  23:59  Spore Crawler x2  
  195  24:09  Zergling x12  
  200  24:31  Extractor x2  
  200  24:37  Overseer x2  
  198  24:50  Extractor x2  
  198  24:51  Zergling x8  
  199  25:12  Zergling x12  
  185  25:59  Zergling x32  
  196  26:04  Zergling x6  
  198  26:19  Zergling x2  
  199  26:33  Spore Crawler  
  196  27:05  Baneling x6  
  196  27:06  Baneling x9  
  152  27:24  Corruptor x3  
  152  27:25  Corruptor x24  
  152  27:26  Corruptor x12  
  152  27:28  Corruptor  
  152  27:29  Queen  
  181  27:30  Queen x5  
  181  27:31  Zergling x8  
  181  27:36  Viper  
  168  27:53  Viper  
  168  27:57  Corruptor  
  172  28:03  Zergling x30  
  172  28:05  Queen  
  183  28:08  Queen  
  183  28:12  Overlord x2  
  179  28:14  Overlord  
  179  28:17  Overlord  
  176  28:20  Overlord  
  176  28:25  Overlord  
  167  28:34  Overlord  
  113  28:58  Corruptor  
  113  29:00  Corruptor x3  
  99  29:04  Corruptor x3  
  87  29:13  Corruptor, Drone  
  76  29:20  Corruptor  
  74  29:30  Corruptor  
  74  29:32  Zergling x8  
  74  29:35  Zergling x2  
  81  29:44  Corruptor  
  78  29:47  Queen  
  82  29:57  Queen x2  
  68  30:28  Queen  
  68  30:33  Queen x2, Lair  
  68  30:34  Spawning Pool  
  67  30:35  Zergling x16  
  67  30:36  Zergling x2  
  70  30:50  Infestor x4  
  74  31:03  Overlord  
  74  31:10  Spore Crawler x3  
  70  31:12  Overlord, Spore Crawler x2  
  68  31:21  Overlord  
  68  31:26  Infestor x2  
  68  31:29  Burrow  
  69  31:43  Queen  
  69  31:45  Infestor  
  73  31:50  Drone x3  
  76  31:58  Hydralisk Den  
  72  32:11  Overlord x3  
Show
View Real Time Build Order
Export as new Build Order

HellraiseR Protoss - Winner!

Build Orders: Carriers 

Get SALT Encoding   

  12  0:00  Probe  
  13  0:12  Probe  
  14  0:20  Pylon  
  14  0:24  Probe (Chrono Boost)  
  15  0:39  Gateway  
  15  0:40  Probe (Chrono Boost)  
  16  0:45  Probe (Chrono Boost)  
  16  0:47  Assimilator  
  17  0:54  Probe  
  18  1:06  Probe  
  19  1:11  Forge  
  19  1:26  Cybernetics Core  
  19  1:27  Pylon  
  18  1:46  Photon Cannon  
  18  1:49  Pylon  
  18  1:59  Nexus  
  18  2:05  Adept (Chrono Boost)  
  20  2:13  Pylon  
  20  2:16  Probe (Chrono Boost)  
  21  2:26  Adept (Chrono Boost)  
  21  2:28  Probe (Chrono Boost)  
  24  2:31  Assimilator  
  24  2:33  Probe (Chrono Boost)  
  25  2:37  Pylon  
  25  2:43  Probe  
  26  2:55  Probe  
  27  3:00  Stargate  
  27  3:07  Probe (Chrono Boost)  
  27  3:11  Probe (Chrono Boost)  
  29  3:15  Warp Gate  
  32  3:20  Probe (Chrono Boost)  
  32  3:21  Probe (Chrono Boost)  
  32  3:22  Adept  
  32  3:25  Probe (Chrono Boost)  
  32  3:26  Probe (Chrono Boost)  
  35  3:35  Probe  
  35  3:38  Probe, Void Ray  
  37  3:47  Probe  
  42  3:50  Probe  
  42  3:53  Assimilator  
  43  3:56  Assimilator  
  43  3:59  Probe  
  43  4:02  Probe  
  45  4:10  Pylon  
  45  4:12  Probe  
  45  4:14  Probe  
  47  4:24  Probe  
  48  4:26  Probe  
  52  4:33  Fleet Beacon  
  52  4:37  Stargate  
  52  4:38  Probe  
  50  4:42  Probe  
  50  4:44  Gateway  
  51  4:48  Pylon  
  51  4:50  Probe  
  52  4:54  Probe  
  52  4:57  Pylon  
  53  5:02  Probe  
  53  5:06  Probe  
  55  5:14  Probe  
  55  5:16  Tempest (Chrono Boost)  
  61  5:22  Tempest (Chrono Boost)  
  61  5:25  Probe  
  61  5:26  Probe  
  68  5:35  Nexus  
  68  5:38  Pylon  
  68  5:40  Adept  
  70  5:45  Adept  
  70  5:47  Tempest (Chrono Boost)  
  77  5:55  Nexus  
  77  6:01  Tempest (Chrono Boost)  
  82  6:08  Probe  
  82  6:10  Probe  
  84  6:16  Shield Battery  
  84  6:21  Probe  
  84  6:23  Pylon  
  85  6:31  Probe  
  86  6:33  Void Ray (Chrono Boost)  
  86  6:39  Pylon  
  86  6:41  Probe  
  86  6:43  Probe  
  86  6:44  Flux Vanes  
  92  6:49  Shield Battery  
  92  6:51  Shield Battery  
  92  6:52  Void Ray (Chrono Boost)  
  93  6:56  Shield Battery  
  93  6:58  Adept x2  
  93  6:59  Shield Battery  
  95  7:11  Pylon  
  95  7:14  Shield Battery  
  98  7:16  Tempest (Chrono Boost)  
  96  7:28  Tempest (Chrono Boost)  
  101  7:32  Zealot  
  103  7:38  Probe  
  103  7:40  Zealot  
  103  7:44  Cybernetics Core  
  106  7:51  Probe  
  106  7:52  Tempest  
  109  8:02  Nexus  
  109  8:04  Pylon  
  109  8:05  Pylon  
  108  8:17  Pylon, Void Ray  
  108  8:22  Pylon  
  108  8:25  Zealot  
  114  8:28  Probe x2  
  114  8:30  Protoss Air Weapons Level 1 (Chrono Boost)  
  116  8:36  Void Ray  
  116  8:40  Probe x2, Sentry  
  116  8:52  Probe x2  
  116  8:53  Adept  
  116  8:54  Void Ray (Chrono Boost)  
  115  9:04  Probe x2  
  117  9:14  Stargate  
  117  9:16  Probe x2, Pylon, Void Ray (Chrono Boost)  
  110  9:18  Pylon, Probe  
  110  9:20  Pylon  
  115  9:25  Twilight Council  
  115  9:28  Probe x2  
  115  9:29  Shield Battery  
  115  9:30  Adept, Probe  
  120  9:31  Shield Battery  
  120  9:33  Assimilator  
  120  9:35  Assimilator  
  124  9:38  Carrier (Chrono Boost)  
  124  9:43  Pylon  
  126  10:06  Carrier (Chrono Boost)  
  132  10:10  Nexus  
  132  10:11  Carrier (Chrono Boost)  
  138  10:16  Probe x2  
  138  10:18  Pylon, Probe  
  141  10:28  Probe  
  141  10:29  Probe  
  141  10:33  Zealot x2  
  146  10:37  Templar Archives  
  146  10:38  Void Ray (Chrono Boost)  
  146  10:39  Probe  
  146  10:40  Probe  
  146  10:42  Probe  
  149  10:46  Shield Battery  
  153  10:54  Void Ray (Chrono Boost)  
  153  10:55  Assimilator  
  153  10:56  Shield Battery  
  153  10:58  Assimilator  
  153  10:59  Pylon, Void Ray (Chrono Boost)  
  153  11:00  Forge  
  158  11:22  High Templar  
  158  11:23  High Templar  
  158  11:24  Probe x2  
  158  11:25  Probe x2  
  166  11:30  Psionic Storm  
  166  11:31  Shield Battery  
  166  11:32  Pylon  
  166  11:35  Protoss Ground Weapons Level 1 (Chrono Boost)  
  166  11:36  Probe x2  
  168  11:43  Charge  
  168  11:44  Void Ray (Chrono Boost)  
  168  11:48  Photon Cannon  
  168  11:50  Photon Cannon  
  168  11:51  Void Ray (Chrono Boost)  
  172  12:00  Probe  
  169  12:03  Void Ray (Chrono Boost)  
  169  12:11  Probe  
  174  12:18  Zealot  
  174  12:19  Zealot  
  178  12:24  Void Ray (Chrono Boost)  
  188  12:38  Gateway  
  188  12:39  Gateway  
  188  12:41  Gateway  
  188  12:45  Pylon  
  188  12:46  Gateway  
  188  12:47  Pylon  
  188  12:49  Pylon, Gateway  
  188  12:51  Gateway  
  188  12:59  Nexus  
  188  13:01  Pylon  
  188  13:07  Cybernetics Core  
  188  13:10  Mothership  
  190  13:14  Protoss Air Weapons Level 2 (Chrono Boost)  
  189  13:21  Probe  
  189  13:22  Probe  
  189  13:24  Carrier (Chrono Boost)  
  191  13:30  Oracle (Chrono Boost)  
  200  13:41  Protoss Ground Weapons Level 2  
  200  13:47  Photon Cannon  
  200  13:48  Nexus, Photon Cannon  
  200  13:50  Photon Cannon  
  200  13:51  Pylon  
  200  13:52  Photon Cannon, Protoss Air Armor Level 1 (Chrono Boost)  
  200  13:56  Photon Cannon  
  200  13:58  Photon Cannon  
  193  14:18  Carrier  
  199  14:25  Nexus  
  199  14:26  Pylon  
  199  14:27  Pylon  
  199  14:28  Pylon  
  199  14:42  Robotics Facility  
  195  15:07  High Templar x2  
  199  15:26  Nexus  
  191  15:28  Pylon, High Templar x4  
  191  15:29  Nexus  
  199  15:39  Pylon  
  199  15:40  Pylon  
  199  15:46  Protoss Air Weapons Level 3 (Chrono Boost)  
  199  15:50  Protoss Air Armor Level 2 (Chrono Boost)  
  199  15:56  Photon Cannon  
  199  15:57  Photon Cannon, Shield Battery  
  199  15:59  Photon Cannon, Shield Battery  
  199  16:00  Shield Battery  
  199  16:01  Shield Battery, Photon Cannon x2  
  199  16:03  Photon Cannon  
  199  16:04  Photon Cannon  
  199  16:05  Pylon, Shield Battery  
  196  16:15  Protoss Shields Level 1  
  196  16:16  Archon  
  196  16:18  Probe x2  
  194  16:19  Probe  
  194  16:23  Carrier (Chrono Boost)  
  190  16:29  Carrier (Chrono Boost)  
  198  16:36  Stargate, Carrier (Chrono Boost)  
  198  16:38  Stargate  
  198  16:46  Assimilator  
  197  16:48  Assimilator  
  197  16:50  Observer (Chrono Boost)  
  195  17:17  Oracle  
  195  17:19  Unknown  
  188  17:33  Carrier x2  
  200  18:03  Nexus  
  200  18:06  Pylon  
  200  18:08  Pylon  
  200  18:28  Photon Cannon  
  200  18:30  Photon Cannon  
  200  18:31  Photon Cannon  
  200  18:34  Photon Cannon  
  200  18:35  Photon Cannon  
  200  18:37  Photon Cannon  
  200  18:39  Photon Cannon  
  199  18:42  Shield Battery  
  199  18:45  Shield Battery  
  199  18:46  Shield Battery  
  199  18:49  Pylon  
  199  18:52  Carrier (Chrono Boost)  
  199  18:53  Carrier (Chrono Boost)  
  191  19:07  Nexus  
  191  19:09  Pylon  
  191  19:12  Pylon  
  191  19:15  Carrier (Chrono Boost)  
  164  19:24  Void Ray (Chrono Boost)  
  159  19:38  Void Ray (Chrono Boost)  
  143  19:52  Protoss Shields Level 2 (Chrono Boost)  
  139  19:54  Probe (Chrono Boost)  
  139  19:55  Probe (Chrono Boost), Void Ray x2 (Chrono Boost)  
  139  19:56  Probe (Chrono Boost)  
  139  19:59  Mothership (Chrono Boost)  
  142  20:00  High Templar x2  
  142  20:01  High Templar x6  
  142  20:06  Void Ray x2 (Chrono Boost)  
  167  20:12  Probe x2 (Chrono Boost)  
  168  20:14  Shield Battery  
  168  20:16  Protoss Air Armor Level 3 (Chrono Boost), Shield Battery  
  168  20:17  Void Ray (Chrono Boost)  
  180  20:23  Archon x2  
  180  20:26  Assimilator, Void Ray (Chrono Boost)  
  180  20:27  Void Ray (Chrono Boost)  
  184  20:28  Assimilator  
  184  20:29  Pylon  
  188  20:36  Void Ray (Chrono Boost)  
  188  20:38  Void Ray (Chrono Boost)  
  188  20:40  Pylon  
  188  20:42  Photon Cannon  
  192  20:46  Observer  
  197  21:04  Photon Cannon  
  197  21:08  Observer  
  197  21:10  Zealot  
  184  21:29  Observer  
  184  21:30  Void Ray (Chrono Boost)  
  189  21:38  Void Ray x2 (Chrono Boost)  
  189  21:46  Probe  
  198  21:51  Observer  
  199  21:55  Nexus  
  199  22:14  Protoss Shields Level 3 (Chrono Boost)  
  199  22:16  Pylon  
  199  22:18  Pylon  
  199  22:42  Photon Cannon  
  199  22:44  Photon Cannon  
  199  22:46  Observer, Photon Cannon  
  199  22:49  Photon Cannon  
  199  22:51  Shield Battery  
  200  22:53  Shield Battery  
  200  23:02  Oracle  
  200  23:09  Photon Cannon  
  199  23:43  Zealot  
  192  23:52  Tempest x2 (Chrono Boost)  
  200  24:16  Assimilator  
  200  24:17  Pylon, Assimilator  
  200  24:40  Photon Cannon  
  200  24:41  Photon Cannon  
  200  24:43  Photon Cannon  
  200  24:46  Photon Cannon  
  200  24:47  Shield Battery  
  200  24:48  Shield Battery  
  200  24:50  Pylon, Shield Battery  
  200  24:52  Shield Battery  
  200  24:53  Shield Battery  
  200  25:02  Protoss Ground Weapons Level 3 (Chrono Boost)  
  199  25:14  Probe  
  200  25:32  Shield Battery  
  200  25:33  Shield Battery x2  
  200  25:36  Pylon  
  200  25:39  Pylon  
  200  25:51  Observer  
  200  25:54  Carrier (Chrono Boost)  
  186  26:02  Probe x2  
  186  26:03  Probe  
  192  26:04  Carrier (Chrono Boost)  
  198  26:14  Observer  
  196  26:43  Observer  
  189  26:49  Carrier x2 (Chrono Boost)  
  199  27:13  Void Ray (Chrono Boost)  
  175  27:39  High Templar x6  
  175  27:40  Zealot  
  175  27:43  Archon x2  
  185  27:44  Archon  
  185  27:49  Void Ray  
  172  28:22  Photon Cannon  
  65  29:28  Void Ray  
  65  29:36  Probe  
  70  29:50  Probe x2 (Chrono Boost)  
  72  29:58  Probe (Chrono Boost)  
  73  30:02  Probe x2 (Chrono Boost)  
  75  30:09  Probe (Chrono Boost)  
  75  30:11  Probe (Chrono Boost)  
  62  30:33  Void Ray (Chrono Boost)  
  63  30:44  Void Ray (Chrono Boost)  
  67  31:09  Void Ray (Chrono Boost)  
  66  31:16  Void Ray (Chrono Boost)  
  74  31:37  Probe  
  75  31:52  Void Ray x2 (Chrono Boost)  
Tags
 
Add a new tag
Caveats
  • Supply blocks, unpowered buildings, or Contaminate may cause inaccurate times.
  • Supply counts are checked every 10 seconds.